 Dungeon Crawl Stone Soup version 0.21.1-1-g345015f (webtiles) character file.

70081 wojtek the Severer (level 14, -3/125 HPs)
             Began as a Minotaur Fighter on July 30, 2018.
             Was an Elder of Makhleb.
             Slain by a caustic shrike zombie (6 damage)
             ... on level 15 of the Dungeon.
             The game lasted 00:47:40 (23230 turns).

wojtek the Severer (Minotaur Fighter)              Turns: 23230, Time: 00:47:41

Health: -3/125     AC: 27    Str: 24    XL:     14   Next: 92%
Magic:  20/20      EV: 15    Int:  5    God:    Makhleb [****..]
Gold:   1537       SH: 13    Dex: 12    Spells: 13/13 levels left

rFire    + . .     SeeInvis .   a - +0 broad axe
rCold    . . .     Gourm    .   D - +0 shield {reflect}
rNeg     . . .     Faith    .   K - +4 scale mail {rF+}
rPois    .         Spirit   .   n - +2 hat
rElec    .         Reflect  +   E - +0 cloak {MR+}
rCorr    .         Harm     .   e - +0 pair of gloves
MR       ++...                  U - +0 pair of boots
Stlth    ..........             (no amulet)
HPRegen  0.30/turn              z - +3 ring of protection
MPRegen  0.17/turn              s - +5 ring of protection

@: flayed, drained
A: retaliatory headbutt, horns 2
a: Minor Destruction, Lesser Servant of Makhleb, Major Destruction, Renounce
Religion


You were on level 15 of the Dungeon.
You worshipped Makhleb.
Makhleb was greatly pleased with you.
You were hungry.

You visited 3 branches of the dungeon, and saw 22 of its levels.
You also visited: Labyrinth, Ice Cave and Volcano.

You collected 1634 gold pieces.
You spent 97 gold pieces at shops.

Inventory:

Hand Weapons
 a - a +0 broad axe (weapon)
 O - a +0 whip of distortion
Armour
 e - a +0 pair of gloves (worn)
 n - a +2 hat (worn)
 D - a +0 shield of reflection (worn)
 E - a +0 cloak of magic resistance (worn)
 K - a +4 scale mail of fire resistance (worn)
 U - a +0 pair of boots (worn)
Jewellery
 k - an uncursed ring of flight
 s - a +5 ring of protection (right hand)
 z - a +3 ring of protection (left hand)
 B - an uncursed ring of fire
 G - an uncursed ring of ice
 S - an uncursed ring of fire
 T - an uncursed ring of ice
Wands
 A - a wand of enslavement (17)
 C - a wand of scattershot (5)
 F - a wand of digging (7)
 H - a wand of iceblast (8)
 I - a wand of acid (5)
 W - a wand of paralysis (18)
 Z - a wand of flame (66)
Scrolls
 b - 2 scrolls of fog {unknown}
 c - a scroll of amnesia
 j - 2 scrolls of immolation {unknown}
 l - 3 scrolls of identify
 m - 2 scrolls of noise {unknown}
 p - 4 scrolls of enchant armour {unknown}
 r - a scroll of vulnerability {unknown}
 t - 6 scrolls of fear
 v - 10 scrolls of teleportation
 w - 2 scrolls of holy word {unknown}
 x - 4 scrolls of remove curse
 y - a scroll of acquirement {unknown}
 L - 4 scrolls of blinking
 N - a scroll of silence {unknown}
 Q - a scroll of magic mapping
Potions
 d - 3 potions of might
 g - 4 potions of haste
 h - 6 potions of lignification
 i - 11 potions of curing
 o - 8 potions of heal wounds
 q - a potion of brilliance
 u - 5 potions of agility
 M - a potion of cancellation {unknown}
 P - 3 potions of flight {unknown}
 V - a potion of experience {unknown}
Miscellaneous
 J - a lightning rod (4/4)
 R - a phantom mirror
 X - a fan of gales
Comestibles
 f - 38 rations
 Y - 15 chunks of flesh


   Skills:
 + Level 11.9(11.7) Fighting
 * Level 16.0(15.9) Axes
 + Level 12.0(11.8) Armour
 + Level 10.4(10.2) Dodging
 + Level 12.0(11.8) Shields
 - Level 10.0(9.8) Invocations
 + Level 7.5(7.3) Evocations


You had 13 spell levels left.
You didn't know any spells.

Dungeon Overview and Level Annotations

Branches:
Dungeon (15/15)            Temple (1/1) D:6            Lair (6/6) D:9
  Swamp (0/4) Lair:2       Spider (0/4) Lair:3        Slime (0/5) Lair:6
    Orc (0/2) D:9          Vaults (0/5) D:14
 Depths: D:15

Altars:
Ashenzari
Cheibriados
Dithmenos
Elyvilon
Fedhas
Gozag
Hepliaklqana
Kikubaaqudgha
Makhleb
Nemelex Xobeh
Okawaru
Qazlal
Ru
Sif Muna
Trog
Uskayaw
Vehumet
Wu Jian
Xom
Yredelemnul
Zin
The Shining One
Jiyva

Shops:
D:7 *   D:9 :   D:12 !

Annotations:
Lair:6 1 runed door, need disint for ring


Innate Abilities, Weirdness & Mutations

You reflexively headbutt those who attack you in melee.
You have a pair of horns on your head.


Message History

The caustic shrike zombie claws you but does no damage.
The caustic shrike zombie barely misses you.
Unknown command.
Unknown command.
You barely miss the flayed ghost.
The flayed ghost is almost destroyed.
You slash the caustic shrike zombie! You slash the stone giant skeleton!
The caustic shrike zombie claws you!
* * * LOW HITPOINT WARNING * * *
The flayed ghost hits you but does no damage.
You block the stone giant skeleton's attack.
Unknown command.
You closely miss the flayed ghost. Your headbutt misses the flayed ghost.
The flayed ghost is almost destroyed.
You slice the caustic shrike zombie!! You slash the stone giant skeleton!
You destroy the stone giant skeleton!
Makhleb accepts your kill.
Your base Armour skill increases to level 12!
The caustic shrike zombie claws you.
You die...

....8. ....8.....
..8P.8...8 ........8
..... .....8. ##.#.#
#.#z. ........
....####..W###...#..#
#...##....Z@.#......#
#.$.#####..###.....###
#...#####..# #........
#...#......# #........
#...#.####.###....#
#........)....)...#
#$#####..#.######.#)<..#
.!.......#..........)..#
.#####.#########.###..#


You could see a skeletal warrior, a flayed ghost and a caustic shrike zombie.

Vanquished Creatures
  5 dire elephants (Lair:6)
  A minotaur (Lab)
  2 hydras
  A vault guard (D:14)
  Erica (D:10)
  An anaconda (Lair:6)
  5 centaur warriors
  3 two-headed ogres
  8 death yaks
  A tengu warrior (D:14)
  The ghost of wojtek the Cleaver, a novice MiFi of Makhleb (D:8)
  A skeletal warrior (D:15)
  4 unseen horrors
  A flayed ghost (D:14)
  An ugly thing (D:11)
  A deep elf mage (D:11)
  A manticore (D:13)
  4 cyclopes
  Maurice (D:10)
  7 elephants
  A centaur zombie (D:14)
  A stone giant skeleton (D:15)
  Joseph (Lair:1)
  An ice statue (IceCv)
  2 molten gargoyles (Volcano)
  A yaktaur zombie (D:15)
  A black mamba (Lair:4)
  A gargoyle (D:15)
  7 spiny frogs
  A rime drake (shapeshifter) (D:14)
  2 komodo dragons (Lair:6)
  3 rime drakes
  A queen bee (D:7)
  A red devil (D:11)
  A polar bear (Lair:6)
  4 trolls
  4 jumping spiders (Lair:3)
  A wind drake (shapeshifter) (D:11)
  The ghost of Aesgard the Skirmisher, an amateur GrFi (D:3)
  4 slime creatures
  5 dream sheep
  12 blink frogs
  11 hippogriffs
  A redback (Lair:3)
  2 shadows
  48 yaks
  A wraith (D:12)
  Eustachio (D:5)
  5 vampires
  A wyvern (D:11)
  2 fire bats (Volcano)
  8 vampire mosquitoes
  A basilisk (Lair:1)
  3 hungry ghosts
  Grum (D:8)
  2 steam dragons
  The ghost of TheNamelessOne the Sneak, an amateur OpWn of Qazlal (D:5)
  Edmund (D:4)
  2 soldier ants (D:13)
  Duvessa (D:6)
  2 acid dragons (D:12)
  6 water moccasins
  2 porcupines
  A black bear (D:13)
  7 orc warriors
  6 ice beasts
  4 boggarts (D:14)
  An eye of draining (shapeshifter) (D:14)
  6 phantoms
  A wolf (shapeshifter) (D:13)
  5 ogres
  11 wolves
  8 crocodiles
  18 centaurs
  A wyvern zombie (D:13)
  22 bullfrogs
  6 big kobolds
  A gnoll sergeant (D:9)
  Dowan (D:6)
  5 scorpions
  A water moccasin skeleton (D:8)
  14 killer bees
  10 wights (D:11)
  2 howler monkeys (D:13)
  6 crimson imps
  2 bullfrog zombies
  4 lava snakes (Volcano)
  A quasit (D:8)
  5 hounds
  6 jellies
  A centaur skeleton (D:8)
  12 orc priests
  8 orc wizards
  Crazy Yiuf (D:6)
  7 bullfrog skeletons
  3 iguanas
  8 worker ants
  A hell rat (Lair:3)
  A hound zombie (D:9)
  A hound skeleton (D:6)
  A worker ant zombie (D:11)
  2 gnolls (D:9)
  2 howler monkey skeletons (D:7)
  14 adders
  7 river rats (Lair:3)
  3 shadow imps
  15 oozes (Lair:3)
  An adder skeleton (D:4)
  2 adder zombies
  3 worms
  A dart slug (D:1)
  7 leopard geckos
  47 orcs
  4 giant cockroaches
  4 goblins
  4 hobgoblins
  2 jackals
  4 quokkas
  5 bats
  4 frilled lizards
  19 kobolds
  A quokka skeleton (D:7)
  2 quokka zombies
  9 rats
  5 fungi
  5 plants
579 creatures vanquished.

Vanquished Creatures (collateral kills)
  A fire dragon (Volcano)
  3 hydras
  An unseen horror (D:13)
  A lindwurm (Volcano)
  2 ugly things (IceCv)
  An ice statue (IceCv)
  3 slime creatures (D:13)
  A hornet (D:13)
  A wyvern (D:10)
  A steam dragon (Volcano)
  4 hell hounds
  3 ice beasts (IceCv)
  2 killer bees (D:13)
  A hound (D:11)
  A jackal (D:10)
26 creatures vanquished.

Vanquished Creatures (others)
  A boggart (D:14)
  8 fungi
  2 plants
  A withered plant (D:15)
12 creatures vanquished.

Grand Total: 617 creatures vanquished

Notes
Turn   | Place    | Note
-------+----------+-------------------------------------------
     0 | D:1      | wojtek the Minotaur Fighter began the quest for the Orb.
     0 | D:1      | Reached XP level 1. HP: 19/19 MP: 0/0
    93 | D:1      | Reached skill level 3 in Axes
    96 | D:1      | Reached XP level 2. HP: 19/26 MP: 1/1
   328 | D:1      | Reached skill level 4 in Axes
   615 | D:2      | Reached XP level 3. HP: 27/31 MP: 2/2
   884 | D:2      | Reached skill level 5 in Axes
  1229 | D:3      | Reached XP level 4. HP: 39/39 MP: 3/3
  1282 | D:3      | Reached skill level 6 in Axes
  1283 | D:3      | Reached XP level 5. HP: 10/45 MP: 4/4
  1284 | D:3      | Noticed Aesgard's ghost (amateur GrFi)
  1663 | D:3      | Killed Aesgard's ghost
  1663 | D:3      | Reached skill level 1 in Dodging
  1663 | D:3      | Reached XP level 6. HP: 19/52 MP: 5/5
  2066 | D:3      | Found a faded altar of an unknown god.
  2668 | D:4      | Reached skill level 7 in Axes
  2853 | D:4      | Found a shimmering altar of Xom.
  2854 | D:4      | Found a shimmering altar of Xom.
  2856 | D:4      | Found a shimmering altar of Xom.
  2856 | D:4      | Found a shimmering altar of Xom.
  3260 | D:4      | Reached XP level 7. HP: 51/60 MP: 6/6
  3477 | D:5      | Entered Level 5 of the Dungeon
  3489 | D:5      | Noticed TheNamelessOne's ghost (amateur OpWn)
  3490 | D:5      | Noticed Edmund
  3519 | D:4      | Killed Edmund
  3519 | D:4      | Reached skill level 5 in Fighting
  3544 | D:5      | Killed TheNamelessOne's ghost
  3544 | D:5      | Reached skill level 5 in Armour
  3544 | D:5      | Reached skill level 5 in Shields
  3634 | D:5      | Reached XP level 8. HP: 64/69 MP: 7/7
  3697 | D:5      | Reached skill level 8 in Axes
  3814 | D:5      | Noticed Eustachio
  3821 | D:5      | Killed Eustachio
  4228 | D:6      | Noticed Duvessa
  4229 | D:6      | Noticed Dowan
  4461 | D:6      | Killed Duvessa
  4461 | D:6      | Reached skill level 9 in Axes
  4493 | D:6      | Killed Dowan
  4531 | D:6      | Found a staircase to the Ecumenical Temple.
  4541 | Temple   | Entered the Ecumenical Temple
  4665 | Temple   | Became a worshipper of Makhleb the Destroyer
  4985 | D:6      | Found an ornate altar of the Wu Jian Council.
  4994 | D:6      | Reached XP level 9. HP: 69/78 MP: 8/8
  5004 | D:6      | Reached skill level 1 in Invocations
  5313 | D:6      | Found a runed door.
  5317 | D:6      | Noticed Crazy Yiuf
  5324 | D:6      | Killed Crazy Yiuf
  5502 | D:7      | Reached skill level 5 in Dodging
  5632 | D:7      | Reached * piety under Makhleb
  5771 | D:7      | Found Onat's General Store.
  5781 | D:7      | Bought a potion of curing for 45 gold pieces
  5781 | D:7      | Bought a scroll of magic mapping for 52 gold pieces
  6035 | D:7      | Reached skill level 10 in Axes
  6109 | D:8      | Noticed a two-headed ogre
  6150 | D:8      | Noticed Grum
  6169 | D:8      | Killed Grum
  6260 | D:8      | Reached skill level 1 in Evocations
  6349 | D:8      | Killed a two-headed ogre
  6349 | D:8      | Reached XP level 10. HP: 10/86 MP: 12/12
  7282 | D:8      | Noticed wojtek's ghost (novice MiFi)
  7322 | D:8      | Killed wojtek's ghost
  7322 | D:8      | Reached skill level 5 in Invocations
  7551 | D:8      | Reached ** piety under Makhleb
  7559 | D:8      | Reached skill level 11 in Axes
  7957 | D:9      | Found a basalt altar of Yredelemnul.
  8020 | D:9      | Found a staircase to the Orcish Mines.
  8133 | D:9      | Found a glowing golden altar of the Shining One.
  8190 | D:9      | Found a staircase to the Lair.
  8191 | D:9      | Noticed a death yak
  8224 | D:9      | Reached XP level 11. HP: 94/94 MP: 14/14
  8249 | D:9      | Noticed a death yak
  8251 | D:9      | Noticed a death yak
  8330 | D:8      | Killed a death yak
  8515 | D:8      | Killed a death yak
  8625 | D:9      | Found Eshafy's Book Shop.
  8633 | D:9      | Found an ancient bone altar of Kikubaaqudgha.
  8670 | D:9      | Killed a death yak
  8671 | D:9      | Reached *** piety under Makhleb
  9014 | D:9      | Reached skill level 12 in Axes
  9263 | D:9      | Found a shattered altar of Ashenzari.
  9273 | D:10     | Entered Level 10 of the Dungeon
  9299 | D:10     | Noticed Erica
  9351 | Lair:1   | Entered Level 1 of the Lair of Beasts
  9505 | Lair:1   | Noticed Joseph
  9533 | Lair:1   | Killed Joseph
  9593 | Lair:1   | Found a dark tunnel.
  9629 | Volcano  | Entered a volcano
 10269 | Volcano  | Found a radiant altar of Vehumet.
 10269 | Volcano  | Noticed a lindwurm
 10301 | Volcano  | Killed a lindwurm
 10638 | Volcano  | Noticed a fire dragon
 10749 | Volcano  | Killed a fire dragon
 10749 | Volcano  | Reached XP level 12. HP: 85/104 MP: 16/16
 11709 | Lair:2   | Found a staircase to the Swamp.
 11724 | Lair:2   | Reached skill level 13 in Axes
 12178 | Lair:2   | Noticed a five-headed hydra
 12186 | Lair:2   | Killed a five-headed hydra
 12552 | Lair:3   | Found a hole to the Spider Nest.
 12602 | Lair:3   | Reached skill level 5 in Evocations
 12729 | Lair:3   | Reached **** piety under Makhleb
 13209 | Lair:3   | Reached skill level 10 in Shields
 13345 | Lair:4   | Noticed a death yak
 13345 | Lair:4   | Noticed a death yak
 13345 | Lair:4   | Noticed a death yak
 13345 | Lair:4   | Noticed a death yak
 13347 | Lair:4   | Noticed a death yak
 13364 | Lair:3   | Killed a death yak
 13365 | Lair:3   | Killed a death yak
 13365 | Lair:3   | Reached skill level 10 in Fighting
 13365 | Lair:3   | Reached skill level 10 in Armour
 13480 | Lair:3   | Killed a death yak
 13490 | Lair:3   | Killed a death yak
 13490 | Lair:3   | Reached XP level 13. HP: 95/113 MP: 18/18
 15231 | Lair:5   | Found a hide-covered altar of Uskayaw.
 15646 | Lair:6   | Entered Level 6 of the Lair of Beasts
 15653 | Lair:6   | Reached skill level 14 in Axes
 15720 | Lair:6   | Found a runed door.
 15720 | Lair:6   | Found a viscous altar of Jiyva.
 16107 | Lair:6   | Reached ***** piety under Makhleb
 16313 | Lair:6   | Found a staircase to the Slime Pits.
 16313 | Lair:6   | Noticed an acid blob
 16313 | Lair:6   | Noticed an acid blob
 16748 | Lair:6   | Noticed a dire elephant
 16748 | Lair:6   | Noticed a dire elephant
 16774 | Lair:6   | Killed a dire elephant
 16774 | Lair:6   | Reached skill level 10 in Invocations
 16776 | Lair:6   | Killed a dire elephant
 16798 | Lair:6   | Identified the Papyrus of Sinister Arts
 16814 | Lair:6   | Got a fine spear
 16815 | Lair:6   | Identified the +6 spear "Hoyc" {flame, Str+5} (You found it on level 6 of the Lair of Beasts)
 16851 | Lair:6   | Noticed a dire elephant
 16856 | Lair:6   | Noticed a dire elephant
 16867 | Lair:6   | Killed a dire elephant
 16890 | Lair:6   | Killed a dire elephant
 16933 | Lair:6   | Noticed a dire elephant
 16952 | Lair:6   | Killed a dire elephant
 17430 | D:10     | Killed Erica
 18275 | D:10     | Noticed Maurice
 18302 | D:10     | Killed Maurice
 18655 | D:11     | Found a basalt altar of Yredelemnul.
 18906 | D:11     | Reached XP level 14. HP: 85/124 MP: 20/20
 19647 | D:11     | Reached skill level 15 in Axes
 20211 | D:12     | Found Ecib's Distillery.
 20893 | D:13     | Found a labyrinth entrance.
 20918 | Lab      | Entered a labyrinth
 21101 | D:13     | Found a frozen archway.
 21129 | IceCv    | Entered an ice cave
 21143 | IceCv    | Found a transporter.
 21425 | D:13     | Found a white marble altar of Elyvilon.
 21589 | D:13     | Reached skill level 10 in Dodging
 21896 | D:14     | Found a shadowy altar of Dithmenos.
 22256 | D:14     | Found a deep blue altar of Sif Muna.
 22877 | D:14     | Found a gate to the Vaults.
 22986 | D:15     | Entered Level 15 of the Dungeon
 23104 | D:15     | Reached skill level 16 in Axes
 23229 | D:15     | HP: 3/125 [caustic shrike zombie (11)]
 23230 | D:15     | Slain by a caustic shrike zombie

Skill      XL: |  1  2  3  4  5  6  7  8  9 10 11 12 13 14 |
---------------+-------------------------------------------+-----
Axes           | 3 4 5 6 7 9 10 11 12 13 14 16 | 16.0
Fighting       | 4 5 6 7 8 9 10 11 | 11.9
Armour         | 4 5 6 7 8 9 10 11 12 | 12.0
Dodging        | 1 2 3 4 5 6 7 8 9 10 | 10.4
Shields        | 4 5 6 7 8 9 10 11 12 | 12.0
Invocations    | 4 5 7 9 10 | 10.0
Evocations     | 1 2 4 5 6 7 |  7.5

Action                   |  1- 3 |  4- 6 |  7- 9 | 10-12 | 13-15 || total
-------------------------+-------+-------+-------+-------+-------++-------
Melee: War axe           |    94 |   106 |   352 |   778 |   401 ||  1731
       Headbutt          |    14 |    15 |    65 |   175 |   276 ||   545
       Broad axe         |       |       |       |       |   631 ||   631
Invok: Lesser Servant of |       |       |       |    16 |    26 ||    42
       Minor Destruction |       |       |       |     1 |    29 ||    30
Evoke: Wand              |       |       |       |     5 |    11 ||    16
       Lightning rod     |       |       |       |       |     4 ||     4
  Use: Scroll            |       |       |     4 |     3 |    13 ||    20
 Stab: Distracted        |       |       |       |       |     5 ||     5
       Petrified         |       |       |       |       |     2 ||     2
  Eat: Chunk             |     1 |     7 |     7 |    15 |    21 ||    51
       Ration            |       |       |     1 |     2 |     4 ||     7
Armor: Scale mail        |    38 |    30 |       |   101 |   513 ||   682
       Chain mail        |       |    20 |    91 |       |       ||   111
       Plate armour      |       |       |    89 |   259 |       ||   348
       Ring mail         |       |       |       |     2 |       ||     2
Dodge: Dodged            |    20 |    28 |   113 |   298 |   432 ||   891
Block: Shield            |    48 |    49 |   226 |   490 |   660 ||  1473
       Reflection        |       |       |       |       |     1 ||     1
